 Dungeon Crawl Stone Soup version 0.25-a0-815-gab441bd002 (webtiles) character file.

Game seed: 14224716399074276686, levelgen mode: deterministic

138 Maedhros the Charlatan (level 5, -6/33 HPs)
             Began as an Octopode Artificer on Apr 20, 2020.
             Mangled by a gnoll
             ... wielding a +0 club
              (10 damage)
             ... on level 3 of the Dungeon.
             The game lasted 00:03:42 (1762 turns).

Maedhros the Charlatan (Octopode Artificer)         Turns: 1762, Time: 00:03:42

Health: -6/33      AC:  1    Str: 11    XL:     5   Next: 21%
Magic:  8/8        EV: 13    Int: 14    God:
Gold:   137        SH:  0    Dex: 13    Spells: 4/4 levels left

rFire    . . .     SeeInvis .   m - +3 spear
rCold    + . .     Gourm    .   (no shield)
rNeg     . . .     Faith    .   (helmet restricted)
rPois    .         Spirit   .   (no amulet)
rElec    .         Reflect  .   n - ring of protection from cold (curse)
rCorr    .         Harm     .   (no ring)
MR       .....                  (no ring)
Stlth    +++.......             (no ring)
HPRegen  0.11/turn              (no ring)
MPRegen  0.11/turn              (no ring)
                                (no ring)
                                (no ring)

@: no status effects
A: almost no armour, stealthy swim, amphibious, 8 rings, constrict 8, camouflage
1, gelatinous body 1
a: no special abilities


You were on level 3 of the Dungeon.
You were near starving.

You visited 1 branch of the dungeon, and saw 3 of its levels.
You visited the Abyss 1 time.

You collected 137 gold pieces.

Inventory:

Hand Weapons
 a - a +0 short sword
 m - a +3 spear (weapon)
Jewellery
 n - a cursed ring of protection from cold (left tentacle)
Wands
 b - a wand of flame (25)
 c - a wand of enslavement (3)
 d - a wand of random effects (11)
Scrolls
 g - 5 scrolls of identify {unknown}
 h - a scroll of magic mapping {unknown}
 i - 2 scrolls of noise {unknown}
 l - 2 scrolls of remove curse {unknown}
 o - a scroll of teleportation {unknown}
 q - a scroll of amnesia {unknown}
Potions
 j - a potion of heal wounds {unknown}
 p - 2 potions of flight {unknown}
Comestibles
 f - 4 rations


   Skills:
 - Level 1.0 Fighting
 - Level 1.0 Short Blades
 - Level 2.0 Dodging
 + Level 3.6 Stealth
 * Level 3.2 Unarmed Combat
 + Level 4.2 Evocations


You had 4 spell levels left.
You didn't know any spells.
Your spell library contained the following spells:

 Spells                   Type           Power        Failure   Level  Hunger
 Summon Butterflies       Summ           #.......     28%         1    ##.....
 Call Canine Familiar     Summ           #.......     65%         3    ####...
 Summon Ice Beast         Ice/Summ       #.......     96%         4    #####..
 Summon Mana Viper        Hex/Summ       #.......     100%        5    ######.
 Summon Hydra             Summ           #.........   100%        7    #######


Dungeon Overview and Level Annotations

Branches:
Dungeon (3/15)

Altars:
Hepliaklqana
Trog


Innate Abilities, Weirdness & Mutations

You cannot wear most types of armour.
You are very stealthy in the water. (Stealth+)
You are amphibious.
You can wear up to eight rings at the same time.
You can use your tentacles to constrict eight enemies at once.
Your skin changes colour to match your surroundings (Stealth+).
Your rubbery body absorbs attacks. (AC +1, EV +1)


Message History

Evoke which item? (* to show all) (? for menu, Esc to quit)
Aiming: Enslavement
Press: ? - help, Shift-Dir - straight line, f/p - orc
Aim: an orc, wielding a +0 mace (chance to defeat MR: 74%)
The gnoll struggles to resist.
The gnoll hits you with a +0 club.
* * * LOW HITPOINT WARNING * * *
The orc misses you.
Okay, then.
Evoke which item? (* to show all) (? for menu, Esc to quit)
Aiming: Enslavement
Press: ? - help, Shift-Dir - straight line, f/p - orc
Aim: an orc, wielding a +0 mace (chance to defeat MR: 74%)
The gnoll struggles to resist.
The gnoll closely misses you. The orc closely misses you.
Evoke which item? (* to show all) (? for menu, Esc to quit)
Aiming: Enslavement
Press: ? - help, Shift-Dir - straight line, f/p - orc
Aim: an orc, wielding a +0 mace (chance to defeat MR: 74%)
The gnoll struggles to resist.
The gnoll hits you with a +0 club!
You die...

#..........
#..g.......
#.......###
#.......##
#.........
#..........
#########..........
#..g..............$
#.@o)))!.....#.#..
#..........#.#....
#..........#.# #o.
#..........#.. .
###############


You could see a gnoll and an orc.

Vanquished Creatures
  Natasha (thrice) (D:2)
  A gnoll (D:3)
  2 worms (D:2)
  A dart slug (D:1)
  3 leopard geckos (D:2)
  3 orcs (D:3)
  2 ball pythons
  5 bats
  2 giant cockroaches
  4 goblins
  4 hobgoblins
  3 frilled lizards
  5 kobolds
  5 rats
43 creatures vanquished.

Vanquished Creatures (collateral kills)
  A bat (D:2)
  A giant cockroach (D:2)
  2 frilled lizards (D:2)
  A rat (D:2)
5 creatures vanquished.

Vanquished Creatures (others)
  A gnoll (D:3)
  2 orcs (D:3)
  A hobgoblin (D:2)
4 creatures vanquished.

Grand Total: 52 creatures vanquished

Notes
Turn   | Place    | Note
-------+----------+-------------------------------------------
     0 | D:1      | Maedhros the Octopode Artificer began the quest for the
                  | Orb.
     0 | D:1      | Reached XP level 1. HP: 13/13 MP: 3/3
   186 | D:1      | Reached skill level 1 in Unarmed Combat
   186 | D:1      | Reached XP level 2. HP: 15/18 MP: 4/4
   485 | D:2      | Found a bloodstained altar of Trog.
   515 | D:2      | Noticed Natasha
   523 | D:2      | Killed Natasha
   523 | D:2      | Reached XP level 3. HP: 15/23 MP: 5/5
   562 | D:2      | Noticed Natasha
   570 | D:2      | Killed Natasha
   570 | D:2      | Reached skill level 4 in Evocations
   570 | D:2      | Reached XP level 4. HP: 17/28 MP: 5/7
   912 | D:2      | Found a hazy altar of Hepliaklqana.
   963 | D:2      | Noticed Natasha
   974 | D:2      | Killed Natasha
  1282 | D:2      | Reached XP level 5. HP: 30/33 MP: 8/8
  1542 | D:3      | Cast into level 1 of the Abyss (gnoll)
  1544 | Abyss:1  | Found a roughly hewn altar of Beogh.
  1573 | Abyss:1  | Noticed a smoke demon
  1573 | Abyss:1  | Noticed a smoke demon
  1603 | Abyss:1  | Noticed a large abomination
  1606 | Abyss:1  | Noticed a ynoxinul
  1616 | Abyss:1  | Noticed an ancient zyme
  1623 | Abyss:1  | Noticed a starcursed mass
  1668 | Abyss:1  | Noticed a large abomination
  1677 | Abyss:1  | Noticed a hungry ghost
  1677 | Abyss:1  | Noticed a flying skull
  1701 | Abyss:1  | Noticed a small abomination
  1709 | Abyss:1  | Noticed a great orb of eyes
  1709 | Abyss:1  | Noticed a small abomination
  1750 | D:3      | Escaped the Abyss
  1762 | D:3      | Mangled by a gnoll

Levels and vault maps discovered:
D:1:      moated_graveyard_arrival, layout_basic
D:2:      layout_rooms, lemuel_round_altar, bloody_trog, uniq_natasha
D:3:      layout_basic, nicolae_dithmenos_shadow_blocks

Skill      XL: |  1  2  3  4 |
---------------+-------------+-----
Unarmed Combat | 1 2 3 |  3.2
Stealth        | 2 3 |  3.6
Evocations     | 4 |  4.2
Fighting       | |  1.0
Short Blades   | |  1.0
Dodging        | |  2.0

Action                   |  1- 3 |  4- 6 || total
-------------------------+-------+-------++-------
Melee: Short sword       |    50 |       ||    50
       Constrict         |    15 |     9 ||    24
       Tentacles         |     8 |     3 ||    11
       Spear             |    13 |    43 ||    56
Evoke: Wand              |     2 |    16 ||    18
  Use: Potion            |       |     5 ||     5
 Stab: Sleeping          |     2 |     6 ||     8
  Eat: Chunk             |       |     1 ||     1
Armor: Skin              |    10 |     2 ||    12
Dodge: Dodged            |    49 |    25 ||    74

Table legend:
 A = Non-vault XP
 B = Vault XP
 C = Vault XP percentage of total XP
 D = Non-vault monster count
 E = Vault monster count
 F = Vault count percentage of total count
                 A         B        C        D         E       F
            +---------+---------+-------+---------+---------+-------
      Total |     165 |      33 |  16.7 |      48 |       1 |   2.0
            +---------+---------+-------+---------+---------+-------
        D:1 |      23 |       0 |   0.0 |      14 |       0 |   0.0
        D:2 |     114 |      33 |  22.4 |      26 |       1 |   3.7
        D:3 |      28 |       0 |   0.0 |       8 |       0 |   0.0
            +---------+---------+-------+---------+---------+-------
